 Dungeon Crawl Stone Soup version 0.30-a0-718-geaa24f58ff (webtiles) character file.

Game seed: 14009587382468814140

2307 NinjaNoafa the Arsonist (level 9, -1/72 HPs)
             Began as a Tengu Fire Elementalist on Jan 25, 2023.
             Was a Follower of Vehumet.
             Slain by a kobold
             ... wielding a +0 whip
              (3 damage)
             ... on level 8 of the Dungeon on Jan 26, 2023.
             The game lasted 00:22:44 (8799 turns).

NinjaNoafa the Arsonist (Tengu Fire Elementalist)   Turns: 8799, Time: 00:22:45

Health: -1/72      AC: 24    Str:  9    XL:     9   Next: 41%
Magic:  2/17       EV:  2    Int: 19    God:    Vehumet [*.....]
Gold:   380        SH:  0    Dex: 15    Spells: 8/18 levels left

rFire   . . .      SeeInvis .    m - +0 falchion
rCold   . . .      Faith    .    (no shield)
rNeg    . . .      Spirit   .    (body armour currently unavailable)
rPois   +          Reflect  .    (helmet currently unavailable)
rElec   .          Harm     .    (cloak currently unavailable)
rCorr   .          Rampage  .    (gloves currently unavailable)
Will    .....      NoTele   +    (boots unavailable)
Stlth   +++                      (no amulet)
HPRegen 0.32/turn                i - +4 ring of slaying
MPRegen 0.15/turn                (no ring)

@: tree-form
A: stationary, stasis, torment immunity, boosted hp, (beak), (talons 3), nimble
flight
a: Renounce Religion


You were on level 8 of the Dungeon.
You worshipped Vehumet.
Vehumet was aware of your devotion.
You were a tree.
You visited 2 branches of the dungeon, and saw 9 of its levels.

You collected 380 gold pieces.

Inventory:

Hand Weapons
 m - a +0 falchion (weapon)
Missiles
 l - 2 poisoned darts
 y - a boomerang
 C - 4 boomerangs of dispersal
Armour
 a - a +0 robe (melded)
Jewellery
 i - a +4 ring of slaying (left branch)
Wands
 s - a wand of flame (32)
 x - a wand of digging (2)
Scrolls
 d - a scroll of fog {unknown}
 j - 4 scrolls of teleportation
 k - 2 scrolls of blinking
 o - 2 scrolls of poison {unknown}
 p - 2 scrolls of fear {unknown}
 q - 4 scrolls of vulnerability
 r - a scroll of enchant weapon {unknown}
 u - a scroll of enchant armour {unknown}
 v - a scroll of brand weapon {unknown}
 A - a scroll of silence {unknown}
Potions
 b - 2 potions of magic
 c - 2 potions of invisibility
 e - 4 potions of flight
 f - 4 potions of haste
 g - a potion of brilliance {unknown}
 h - 2 potions of curing
 w - a potion of lignification {unknown}
 B - a potion of resistance {unknown}


   Skills:
 - Level 2.0 Fighting
 - Level 2.0 Long Blades
 - Level 3.0 Dodging
 - Level 4.0 Stealth
 - Level 5.1 Spellcasting
 - Level 7.0 Conjurations
 + Level 1.9 Hexes
 + Level 2.1 Translocations
 - Level 8.0 Fire Magic
 + Level 3.6 Air Magic


You had 8 spell levels left.
You knew the following spells:

 Your Spells              Type           Power      Damage    Failure   Level
a - Foxfire               Conj/Fire      100%       2x1d9     1%          1
b - Scorch                Fire           70%        2d8       1%          2
c - Flame Wave            Conj/Fire      33%        2d10      5%          4
d - Inner Flame           Hex/Fire       23%        N/A       4%          3

Your spell library contained the following spells:

 Spells                   Type           Power      Damage    Failure   Level
 Sandblast                Erth           8%         2d5       12%         1
 Kindle Blastsparks       Fire/Tloc/Air  44%        2d13      5%          3


Dungeon Overview and Level Annotations

Branches:
Dungeon (8/15)             Temple (1/1) D:4
   Lair: D:8-11

Altars:
Ashenzari
Cheibriados
Dithmenos
Elyvilon
Gozag
Hepliaklqana
Makhleb
Nemelex Xobeh
Okawaru
Qazlal
Ru
Sif Muna
Uskayaw
Vehumet
Wu Jian
Xom
Yredelemnul


Innate Abilities, Weirdness & Mutations

You are a tree.
Your roots penetrate the ground, keeping you stationary.
You cannot be teleported.
You are immune to unholy pain and torment.
Your maximum health is greatly increased.
Your equipment is partially melded.
((You have a beak for a mouth.))
((You have claws for feet.))
Your magical nature lets you fly swiftly and evasively.


Message History

The kobold brigand hits you but does no damage.
The gnoll hits you but does no damage.
The gnoll sergeant hits you from afar with a +0 spear.
* * * LOW HITPOINT WARNING * * *
The kobold brigand hits you but does no damage.
As you read the scroll labelled PELICV TOXZOO, it crumbles to dust.
You hear a loud clanging noise!
It was a scroll of noise.
You hear an angry hiss.
You hear a shout!
The gnoll hits you with a +0 flail.
* * * LOW HITPOINT WARNING * * *
The gnoll hits you but does no damage. The orc hits you but does no damage.
The kobold hits you but does no damage. The kobold barely misses you.
The kobold brigand hits you with a +0 dagger.
* * * LOW HITPOINT WARNING * * *
The gnoll hits you but does no damage.
The gnoll sergeant hits you from afar with a +0 spear.
* * * LOW HITPOINT WARNING * * *
The kobold hits you but does no damage.
The kobold brigand hits you with a +0 dagger.
* * * LOW HITPOINT WARNING * * *
You feel better. The gnoll completely misses you.
The kobold hits you but does no damage. The gnoll hits you but does no damage.
The kobold brigand hits you with a +0 dagger.
* * * LOW HITPOINT WARNING * * *
The gnoll hits you but does no damage.
The gnoll sergeant hits you but does no damage.
The orc hits you but does no damage.
The kobold brigand hits you with a +0 dagger.
* * * LOW HITPOINT WARNING * * *
The kobold hits you but does no damage.
Okay, then.
As you read the scroll labelled ZYUMIF TIOLEN, it crumbles to dust.
The creatures around you are filled with an inner flame!
It was a scroll of immolation.
The gnoll hits you but does no damage.
The gnoll hits you from afar with a +0 spear.
* * * LOW HITPOINT WARNING * * *
The orc hits you but does no damage. The kobold hits you but does no damage.
The kobold hits you with a +0 whip.
You die...

#.. .. ....# .
..##..# ## ...#
#...## .. .#. #.
#.. .# . #..#...
#.#### . ..
.K##.....##
...#. #Kggg.....
......#o♣Kgy....
.......KKKK.....
....[...K.......
........K.......
......#...>.....
<..#..........$.
#. ............>
. ..............
#.#........###


You could see a hornet (inner flame), 2 kobold brigands, a gnoll sergeant (inner
flame), 3 gnolls, an orc (inner flame) and 7 kobolds.

Vanquished Creatures
  Psyche (D:8)
  A wyvern (D:8)
  A water moccasin (D:6)
  A black bear (D:6)
  An ice beast (D:6)
  3 ogres
  2 centaurs
  2 phantoms
  A necrophage (D:7)
  2 bullfrogs
  3 scorpions
  A crimson imp (D:4)
  An orc priest (D:4)
  A gnoll bouda (D:6)
  5 hounds
  2 jellies
  3 iguanas
  An orc wizard (D:4)
  7 adders
  8 gnolls (D:6)
  4 white imps
  2 ufetubi
  2 worms
  A dart slug (D:1)
  5 orcs
  8 ball pythons
  8 endoplasms
  3 giant cockroaches
  14 goblins
  11 hobgoblins
  7 jackals (D:3)
  2 quokkas
  12 bats
  5 frilled lizards
  12 kobolds
  7 rats
150 creatures vanquished.

Vanquished Creatures (others)
  479 foxfires
  5 plants (D:7)
484 creatures vanquished.

Grand Total: 634 creatures vanquished

Notes
Turn   | Place    | Note
-------+----------+-------------------------------------------
     0 | D:1      | NinjaNoafa the Tengu Fire Elementalist began the quest for
                  | the Orb.
     0 | D:1      | Reached XP level 1. HP: 10/10 MP: 4/4
   221 | D:1      | Reached XP level 2. HP: 15/15 MP: 3/6
   603 | D:1      | Reached XP level 3. HP: 19/19 MP: 0/7
   740 | D:1      | Found a faded altar of an unknown god.
  1633 | D:2      | Reached XP level 4. HP: 19/24 MP: 3/8
  1969 | D:2      | Reached skill level 1 in Long Blades
  2089 | D:2      | Learned a level 2 spell: Scorch
  2330 | D:3      | Reached skill level 1 in Fighting
  3542 | D:4      | Gained mutation: Your magical nature lets you fly swiftly
                  | and evasively. [Tengu growth]
  3542 | D:4      | Reached XP level 5. HP: 30/30 MP: 3/9
  3722 | D:4      | Reached skill level 4 in Fire Magic
  3797 | D:4      | Noticed an ogre
  3820 | D:4      | Killed an ogre
  3821 | D:4      | Reached XP level 6. HP: 35/35 MP: 0/10
  4036 | D:4      | Found a hazy altar of Hepliaklqana.
  4060 | D:4      | Reached skill level 5 in Fire Magic
  4229 | D:4      | Reached skill level 5 in Conjurations
  4229 | D:4      | Reached XP level 7. HP: 26/40 MP: 1/11
  4565 | D:4      | Found an iron altar of Okawaru.
  4952 | D:4      | Found a staircase to the Ecumenical Temple.
  4996 | Temple   | Entered the Ecumenical Temple
  5223 | Temple   | Became a worshipper of Vehumet
  5379 | D:5      | Entered Level 5 of the Dungeon
  5444 | D:4      | Reached skill level 6 in Fire Magic
  5726 | D:5      | Found a snail-covered altar of Cheibriados.
  5847 | D:5      | Found an ornate altar of the Wu Jian Council.
  6137 | D:6      | Reached XP level 8. HP: 44/44 MP: 1/14
  6484 | D:6      | Reached skill level 7 in Fire Magic
  6749 | D:6      | Reached * piety under Vehumet
  6749 | D:6      | Offered knowledge of Sandblast by Vehumet.
  7088 | D:6      | Found a sparkling altar of Nemelex Xobeh.
  7623 | D:7      | Reached skill level 5 in Spellcasting
  7841 | D:7      | Reached skill level 8 in Fire Magic
  7841 | D:7      | Reached XP level 9. HP: 48/48 MP: 12/17
  7846 | D:7      | Learned a level 4 spell: Flame Wave
  7850 | D:7      | Learned a level 3 spell: Inner Flame
  7899 | D:7      | Reached skill level 1 in Air Magic
  7939 | D:7      | Found a shadowy altar of Dithmenos.
  7972 | D:7      | Reached skill level 1 in Translocations
  8689 | D:8      | Reached skill level 1 in Hexes
  8775 | D:8      | Noticed Psyche
  8781 | D:8      | Killed Psyche
  8793 | D:8      | Noticed a hornet
  8797 | D:8      | HP: 3/72 [gnoll sergeant/+0 spear (2)]
  8799 | D:8      | Slain by a kobold

Illustrated notes

Levels and vault maps discovered:
D:1:      erik_arrival_cave_to_civilisation [erik_arrival_cave_to_hall],
          layout_basic, shapermc_ecumenical_altar_venn
D:2:      layout_loops_ring
D:3:      layout_basic
D:4:      layout_basic, mainiacjoe_overflow_24_doors, okawaru_altar_gauntlet_db,
          minmay_temple_entry_tees, solitary_fountain, minmay_fire_ice_demons
D:5:      layout_rooms, cheibriados_altar_1, pdpol_wu_jian_five_deadly_venoms
D:6:      layout_cave_pools, mainiacjoe_overflow_alcove_1
D:7:      layout_layer_cave, mainiacjoe_overflow_cross_hatched
D:8:      layout_rooms, uniq_psyche
Temple:   minmay_temple_curvy_loop

Skill      XL: |  1  2  3  4  5  6  7  8  9 |
---------------+----------------------------+-----
Conjurations   | 2 4 5 6 7 |  7.0
Long Blades    | 2 |  2.0
Dodging        | 3 |  3.0
Fighting       | 2 |  2.0
Fire Magic     | 4 5 6 8 |  8.0
Spellcasting   | 3 5 |  5.1
Stealth        | 3 4 |  4.0
Air Magic      | 3 |  3.6
Translocations | 2 |  2.1
Hexes          | 1 |  1.9

Action                     |  1- 3 |  4- 6 |  7- 9 || total
---------------------------+-------+-------+-------++-------
  Melee: Unarmed           |     2 |       |       ||     2
         Kick              |     1 |       |       ||     1
         Dagger            |     4 |       |       ||     4
         Falchion          |       |     6 |     1 ||     7
   Cast: Foxfire           |    86 |   112 |   109 ||   307
         Scorch            |       |    17 |    50 ||    67
         Inner Flame       |       |       |     3 ||     3
         Flame Wave        |       |       |     1 ||     1
  Evoke: Wand              |       |       |     5 ||     5
    Use: Scroll            |       |       |    11 ||    11
         Potion            |       |       |     7 ||     7
 Armour: Robe              |     8 |     3 |     3 ||    14
         Skin              |       |       |    31 ||    31
  Dodge: Dodged            |    24 |    26 |    56 ||   106

Table legend: (Time is in decaauts)
 A = Elapsed time spent in this place.
 B = Non-inter-level travel time spent in this place.
 C = Inter-level travel time spent in this place.
 D = Time resting spent in this place.
 E = Time spent auto-exploring this place.
 F = Levels seen in this place.
 G = Mean time per level.
                   A        B        C        D        E       F      G
               +--------+--------+--------+--------+--------+-----+--------+
         Total |   8491 |   8101 |    390 |     52 |   6926 |   9 |  943.4 |
       Dungeon |   8258 |   7926 |    332 |     52 |   6757 |   8 | 1032.2 |
        Temple |    233 |    175 |     58 |      0 |    168 |   1 |  233.0 |
               +--------+--------+--------+--------+--------+-----+--------+

Top non-repeatable levels by time:
     D:4: 1699 daAuts
     D:7: 1372 daAuts
     D:2: 1208 daAuts
     D:1: 1164 daAuts
     D:3: 1162 daAuts
     D:6: 831 daAuts
     D:5: 770 daAuts
  Temple: 233 daAuts
     D:8: 50 daAuts
